 Dungeon Crawl Stone Soup version 0.28.0-45-g0d030f2227 (webtiles) character file.

Game seed: 15090705700118797485

993 Kangaroobicon the Cleaver (level 8, -3/68 HPs)
             Began as a Hill Orc Fighter on Apr 3, 2022.
             Was a Follower of Okawaru.
             Slain by a phantom (6 damage)
             ... on level 5 of the Dungeon.
             The game lasted 00:49:08 (4372 turns).

Kangaroobicon the Cleaver (Hill Orc Fighter)        Turns: 4372, Time: 00:49:08

Health: -3/68      AC:  9    Str: 19    XL:     8   Next: 19%
Magic:  8/8        EV:  9    Int:  8    God:    Okawaru [*.....]
Gold:   241        SH:  5    Dex: 12    Spells: 7/7 levels left

rFire   + . .      SeeInvis .   a - +0 war axe (drain)
rCold   . . .      Faith    .   c - +0 buckler
rNeg    . . .      Spirit   .   b - +4 scale mail {rC+}
rPois   .          Reflect  .   n - +0 helmet
rElec   .          Harm     .   (no cloak)
rCorr   .          Rampage  .   f - +2 pair of gloves
Will    .....                   t - +0 pair of boots
Stlth   ..........              (no amulet)
HPRegen 0.21/turn               e - ring of fire
MPRegen 0.11/turn               (no ring)

@: corroded
A: no striking features
a: Renounce Religion, Heroism


You were on level 5 of the Dungeon.
You worshipped Okawaru.
Okawaru was aware of your devotion.
You visited 2 branches of the dungeon, and saw 6 of its levels.

You collected 241 gold pieces.

Inventory:

Hand Weapons
 a - a +0 war axe of draining (weapon)
 d - a +2 dagger of speed
 q - a +4 short sword of draining
 F - a +2 vampiric short sword
Missiles
 h - 160 stones
 r - 19 arrows
 D - 4 poisoned darts (quivered)
 E - 2 throwing nets
Armour
 b - a +4 scale mail of cold resistance (worn)
 c - a +0 buckler (worn)
 f - a +2 pair of gloves (worn)
 n - a +0 helmet (worn)
 t - a +0 pair of boots (worn)
Magical Staves
 p - a staff of earth
Jewellery
 e - a ring of fire (left hand)
Wands
 j - a wand of polymorph (15)
 k - a wand of flame (17)
Scrolls
 g - a scroll of identify
 z - a scroll of enchant weapon
Potions
 w - a potion of might


   Skills:
 + Level 5.3 Fighting
 + Level 8.8 Axes
 + Level 1.1 Throwing
 + Level 5.3 Armour
 + Level 1.4 Dodging
 + Level 0.4 Stealth
 + Level 4.5 Shields
 + Level 0.2 Evocations


You had 7 spell levels left.
You didn't know any spells.
Your spell library contained the following spells:

 Spells                   Type           Power      Damage    Failure   Level
 Magic Dart               Conj           0%         1d3       85%         1
 Mephitic Cloud           Conj/Pois/Air  0%         N/A       99%         3
 Call Imp                 Summ           Unusable   N/A       N/A         2

Dungeon Overview and Level Annotations

Branches:
Dungeon (5/15)             Temple (1/1) D:5

Altars:
Ashenzari
Cheibriados
Elyvilon
Gozag
Kikubaaqudgha
Makhleb
Nemelex Xobeh
Okawaru
Qazlal
Ru
Trog
Uskayaw
Vehumet
Wu Jian
Yredelemnul
Zin
The Shining One


Message History

The gnoll hits you but does no damage.
You hit the phantom.
The phantom is heavily damaged.
The phantom hits you.
* * * LOW HITPOINT WARNING * * *
The phantom blinks!
You blink.
An iguana comes into view.
The gnoll completely misses you.
You slash the gnoll!
You kill the gnoll!
Okawaru accepts your kill.
You hit the phantom. The phantom closely misses you.
You barely miss the phantom.
The phantom is heavily damaged.
You block the phantom's attack. The phantom hits you!
* * * LOW HITPOINT WARNING * * *
The phantom blinks!
You blink.
You barely miss the phantom.
The phantom is heavily damaged.
The phantom completely misses you.
You hit the phantom but do no damage.
The phantom is heavily damaged.
You block the phantom's attack.
You hit the phantom but do no damage.
The phantom is heavily damaged.
The phantom hits you.
* * * LOW HITPOINT WARNING * * *
The phantom blinks!
You blink.
You closely miss the phantom.
The phantom is heavily damaged.
The phantom hits you but does no damage.
You miss the phantom.
The phantom is heavily damaged.
The phantom hits you.
* * * LOW HITPOINT WARNING * * *
The phantom blinks!
You blink.
You hit the phantom.
The phantom is heavily damaged.
The phantom hits you.
You die...

#...! .... ...... #..
...... #..
#######..####..
###§...(...()....
#####.§.#.......)..#.
#.....##...l.......#.
###W.##.......$..).##
##@##..........).#
#...............#
####............#
#...########## ###+#


You could see a phantom.

Vanquished Creatures
  A wraith (D:5)
  An ice beast (D:5)
  A phantom (D:4)
  Blork the orc (D:4)
  3 scorpions (D:5)
  A water moccasin skeleton (D:5)
  A hound (D:3)
  2 jellies (D:5)
  A bullfrog skeleton (D:5)
  Terence (D:2)
  2 hound skeletons
  Robin (D:2)
  4 adders
  11 gnolls
  A worm (D:4)
  A dart slug (D:2)
  An orc (D:4)
  6 endoplasms
  A giant cockroach (D:1)
  9 goblins
  7 hobgoblins
  4 quokkas
  12 ball pythons
  8 bats
  3 frilled lizards
  8 kobolds
  6 rats
  A spectral goblin (D:2)
99 creatures vanquished.

Notes
Turn   | Place    | Note
-------+----------+-------------------------------------------
     0 | D:1      | Kangaroobicon the Hill Orc Fighter began the quest for the
                  | Orb.
     0 | D:1      | Reached XP level 1. HP: 19/19 MP: 1/1
   247 | D:1      | Reached XP level 2. HP: 23/27 MP: 2/2
   270 | D:1      | Reached skill level 3 in Axes
   738 | D:1      | Reached XP level 3. HP: 25/33 MP: 3/3
   867 | D:2      | Noticed Robin
   872 | D:2      | Killed Robin
   880 | D:2      | Reached skill level 4 in Axes
   929 | D:2      | Found a sacrificial altar of Ru.
   938 | D:2      | Noticed Terence
   948 | D:2      | Killed Terence
   949 | D:2      | Reached XP level 4. HP: 15/40 MP: 4/4
  1018 | D:2      | Found a faded altar of an unknown god.
  2121 | D:3      | Reached skill level 5 in Axes
  2126 | D:3      | Reached XP level 5. HP: 20/46 MP: 5/5
  3056 | D:4      | Noticed Blork the orc
  3073 | D:4      | Killed Blork the orc
  3074 | D:4      | Reached skill level 1 in Dodging
  3074 | D:4      | Reached XP level 6. HP: 38/53 MP: 6/6
  3096 | D:4      | Reached skill level 6 in Axes
  3824 | D:5      | Entered Level 5 of the Dungeon
  3838 | D:5      | Reached XP level 7. HP: 51/60 MP: 7/7
  3869 | D:5      | Reached skill level 7 in Axes
  3879 | D:5      | Found a staircase to the Ecumenical Temple.
  3894 | Temple   | Entered the Ecumenical Temple
  4116 | Temple   | Became a worshipper of Warmaster Okawaru
  4144 | D:5      | Noticed a wraith
  4152 | D:5      | Killed a wraith
  4153 | D:5      | Reached skill level 5 in Fighting
  4195 | D:5      | Reached skill level 8 in Axes
  4232 | D:5      | Reached * piety under Okawaru
  4233 | D:5      | Reached skill level 1 in Throwing
  4233 | D:5      | Reached skill level 5 in Armour
  4249 | D:5      | Reached XP level 8. HP: 48/68 MP: 8/8
  4332 | D:5      | Found a snail-covered altar of Cheibriados.
  4366 | D:5      | HP: 3/68 [phantom (7)]
  4371 | D:5      | HP: 3/68 [phantom (1)]
  4372 | D:5      | Slain by a phantom

Illustrated notes

Levels and vault maps discovered:
D:1:      nicolae_arrival_somewhat_less_tricky_arrival, layout_basic
D:2:      layout_basic, basic_altar, dreamdust_ecumenical_altar_drowned_temple,
          minivault_19, uniq_terence, uniq_robin
D:3:      layout_basic
D:4:      layout_loops_cross, minmay_misc_feat_encased, lemuel_flame_loot_1,
          uniq_blork_the_orc
D:5:      layout_rooms, kennysheep_mini_moat, gammafunk_temple_overflow_statue,
          minmay_temple_entry_offerings
Temple:   eino_temple_rhombus

Skill      XL: |  1  2  3  4  5  6  7 |
---------------+----------------------+-----
Axes           | 3 4 5 6 8 |  8.8
Fighting       | 4 5 |  5.3
Shields        | 4 |  4.5
Armour         | 4 5 |  5.3
Dodging        | 1 |  1.4
Throwing       | 1 |  1.1
Stealth        | |  0.4
Evocations     | |  0.2

Action                   |  1- 3 |  4- 6 |  7- 9 || total
-------------------------+-------+-------+-------++-------
Melee: War axe           |    96 |   144 |    53 ||   293
Throw: Stone             |       |     5 |     4 ||     9
       Dart              |       |     4 |     6 ||    10
Evoke: Wand              |     4 |       |     1 ||     5
  Use: Potion            |     1 |     6 |       ||     7
       Scroll            |       |     8 |       ||     8
Armor: Scale mail        |    46 |    82 |    26 ||   154
       Ring mail         |     3 |       |       ||     3
Dodge: Dodged            |    49 |    61 |    24 ||   134
Block: Buckler           |    20 |    39 |    16 ||    75
